 Dungeon Crawl Stone Soup version 0.28-a0-706-gf6f64a616a (webtiles) character file.

Game seed: 2290861544124047762

630 oldriver the Magician (level 7, 0/50 HPs)
             Began as a Djinni Cinder Acolyte on Oct 25, 2021.
             Was a High Priest of Ignis.
             Slain by a hound (2 damage)
             ... on level 6 of the Dungeon.
             The game lasted 00:13:18 (7207 turns).

oldriver the Magician (Djinni Cinder Acolyte)       Turns: 7207, Time: 00:13:18

Health: 0/50       AC:  4    Str: 13    XL:     7   Next: 77%
Gold:   210        EV: 11    Int: 18    God:    Ignis [*****.] SH:  0 Dex:  8

rFire   + + +      SeeInvis .   o - +1 dagger (flame)
rCold   . . .      Faith    .   (no shield)
rNeg    . . .      Spirit   .   b - +0 robe
rPois   ∞          Reflect  .   (no helmet)
rElec   +          Harm     .   j - +0 cloak
rCorr   +          Rampage  .   i - +0 pair of gloves
Will    .....                   (boots unavailable)
Stlth   ++........              (no amulet)
HPRegen 0.16/turn               (no ring)
MPRegen 0.00/turn               (no ring)

@: resistant, flying
A: sickness immunity, fire resistance 2, cold vulnerability 1, float, innate
caster, hp casting, extra vitality 1
a: Renounce Religion, Sea of Fire, Foxfire Swarm, Rising Flame


You were on level 6 of the Dungeon.
You worshipped Ignis.
Ignis was extremely pleased with you.
You visited 1 branch of the dungeon, and saw 6 of its levels.

You collected 210 gold pieces.

Inventory:

Hand Weapons
 o - a +1 dagger of flaming (weapon)
Armour
 b - a +0 robe (worn)
 i - a +0 pair of gloves (worn)
 j - a +0 cloak (worn)
Jewellery
 a - an amulet of the acrobat
 n - a ring of protection from fire
Wands
 h - a wand of flame (11)
Scrolls
 c - a scroll of teleportation {unknown}
 e - a scroll of magic mapping {unknown}
 f - a scroll of identify {unknown}
 k - a scroll of fear {unknown}
 p - a scroll of immolation {unknown}
Potions
 d - 2 potions of resistance
 g - a potion of berserk rage {unknown}
 l - a potion of might {unknown}
 m - a potion of lignification {unknown}
 r - a potion of brilliance {unknown}


   Skills:
 + Level 3.5 Fighting
 + Level 3.1 Short Blades
 + Level 0.5 Dodging
 + Level 1.9 Stealth
 + Level 5.8 Spellcasting


You had 9 spell levels left.
You knew the following spells:

 Your Spells              Type           Power      Damage    Failure   Level
a - Scorch                Fire           52%        2d8       1%          2
b - Magic Dart            Conj           100%       1d8       1%          1
c - Wereblood             Tmut           26%        N/A       1%          2
d - Gell's Gravitas       Tloc           13%        N/A       3%          3
Your spell library was empty.

Dungeon Overview and Level Annotations

Branches:
Dungeon (6/15)             Temple (0/1) D:4

Altars:
Vehumet
Xom

Shops:
D:5 (

Annotations:
D:5 3 runed translucent doors, Chaicat's ghost, novice MiBe


Innate Abilities, Weirdness & Mutations

You are immune to sickness and miasma.
You are immune to poison.
Your flesh is very heat resistant. (rF++)
You are vulnerable to cold. (rC-)
You float through the air rather than walking.
You learn spells naturally, not from books.
Your magical power is your life essence.
You have superior vitality. (+4 HP)


Message History

An adder comes into view.
Casting: Gell's Gravitas (dangerous; 3% risk of failure)
Confirm with . or Enter, or press ? or * to list all spells.
Aiming: Gell's Gravitas (dangerous; 3% risk of failure)
Press: ? - help, Dir - move target, f/p - hound
Aim: a hound (moderately wounded) Gravity reorients around the hound.
The centaur collides with the hound!
The adder collides with the hound!
The centaur shoots an arrow.
The arrow hits you!
The centaur shoots an arrow.
The arrow misses you.
Unknown command.
Casting: Gell's Gravitas (dangerous; 3% risk of failure)
Confirm with . or Enter, or press ? or * to list all spells.
Aiming: Gell's Gravitas (dangerous; 3% risk of failure)
Press: ? - help, Dir - move target, f - centaur, p - hound
Aim: a centaur, wielding a +0 shortbow and quivering arrows (lightly wounded) Gravity reorients around the centaur.
The adder collides with the centaur!
You kill the adder!
The centaur shoots an arrow.
The arrow hits you!
* * * LOW HITPOINT WARNING * * *
You feel better.
The centaur shoots an arrow.
The arrow closely misses you. The hound bites you.
* * * LOW HITPOINT WARNING * * *
The centaur shoots an arrow.
The arrow hits you!
* * * LOW HITPOINT WARNING * * *
Casting: Gell's Gravitas (dangerous; 3% risk of failure)
Confirm with . or Enter, or press ? or * to list all spells.
Aiming: Gell's Gravitas (dangerous; 3% risk of failure)
Press: ? - help, Dir - move target, f/p - centaur
Aim: a centaur, wielding a +0 shortbow and quivering arrows (moderately wounded) Gravity reorients around the centaur.
* * * LOW HITPOINT WARNING * * *
The hound closely misses you.
Casting: Gell's Gravitas (dangerous; 3% risk of failure)
Confirm with . or Enter, or press ? or * to list all spells.
You don't have enough health to cast this spell.
You feel protected.
The centaur unwields a +0 shortbow.
The centaur hits you but does no damage.
The centaur closely misses you. The hound bites you.
You die...

###### ###.....
#......# #......#
#####
#....(.######.#...#
#......##.....#.#.#
#..>..h@..#####.#.#
#.....c#..#<....#.#
#......#..#######.#
#......##.........#
###'#####..########
.... ##.# ##...c
#.# #..... ...
#...... ....


You could see a centaur and a hound.

Vanquished Creatures
  A wyvern (D:5)
  2 kobold brigands
  2 hounds
  An orc priest (D:3)
  An iguana (D:5)
  A hound zombie (D:5)
  2 hound skeletons
  3 gnolls
  8 adders
  A worm (D:5)
  3 dart slugs
  6 orcs
  7 endoplasms
  2 giant cockroaches
  2 goblins
  2 hobgoblins
  4 jackals (D:2)
  A quokka (D:2)
  5 ball pythons
  A frilled lizard (D:1)
  18 kobolds
  A rat (D:1)
74 creatures vanquished.

Vanquished Creatures (others)
  15 plants (D:4)
15 creatures vanquished.

Grand Total: 89 creatures vanquished

Notes
Turn   | Place    | Note
-------+----------+-------------------------------------------
     0 | D:1      | oldriver the Djinni Cinder Acolyte began the quest for the
                  | Orb.
     0 | D:1      | Reached XP level 1. HP: 20/20 MP: 0/0
   164 | D:1      | Found a faded altar of an unknown god.
   171 | D:1      | Reached XP level 2. HP: 16/25 MP: 0/0
  1596 | D:2      | Reached XP level 3. HP: 23/30 MP: 0/0
  1596 | D:2      | Learned a level 1 spell: Magic Dart
  2004 | D:2      | Reached skill level 3 in Spellcasting
  2153 | D:2      | Reached XP level 4. HP: 28/35 MP: 0/0
  3177 | D:3      | Reached XP level 5. HP: 38/40 MP: 0/0
  3177 | D:3      | Learned a level 2 spell: Wereblood
  3874 | D:3      | Reached skill level 1 in Stealth
  4822 | D:4      | Noticed a kobold brigand
  4836 | D:4      | Reached skill level 4 in Spellcasting
  4846 | D:4      | Killed a kobold brigand
  4847 | D:4      | Reached XP level 6. HP: 21/46 MP: 0/0
  5399 | D:4      | Found a staircase to the Ecumenical Temple.
  5820 | D:5      | Entered Level 5 of the Dungeon
  6018 | D:5      | Found a shimmering altar of Xom.
  6036 | D:5      | Noticed a wyvern
  6040 | D:5      | HP: 2/46 [wyvern (12)]
  6042 | D:5      | Killed a wyvern
  6043 | D:5      | Reached skill level 5 in Spellcasting
  6043 | D:5      | Reached XP level 7. HP: 6/50 MP: 0/0
  6043 | D:5      | Learned a level 3 spell: Gell's Gravitas
  6623 | D:5      | Found a runed translucent gate.
  6623 | D:5      | Found a runed translucent gate.
  6623 | D:5      | Found a runed translucent gate.
  6807 | D:5      | Noticed Chaicat's ghost (novice MiBe)
  6935 | D:5      | Found Jegalen's Weapon Shoppe.
  7207 | D:6      | Slain by a hound

Illustrated notes

Levels and vault maps discovered:
D:1:      saegor_arrival_simple_a, layout_rooms, ebering_ecumenical_altar_box
D:2:      layout_basic, kennysheep_cross_bottleneck
D:3:      layout_basic, mainiacjoe_overflow_surrounded_room
D:4:      layout_layer_cave, minmay_temple_entry_nine_rooms, serial_bayou,
          serial_bayou_ford_a, serial_bayou_pond_b, serial_bayou_crossing,
          serial_bayou_pond_c
D:5:      layout_loops_ring, mainiacjoe_overflow_boulevard, serial_shops,
          nicolae_lakefront_shop, gammafunk_ghost_icy
D:6:      layout_basic, minmay_misc_feat_secret_circle,
          chequers_serial_rivers_micro_a, sigmund_army, uniq_maggie

Skill      XL: |  1  2  3  4  5  6 |
---------------+-------------------+-----
Short Blades   | 3 |  3.1
Spellcasting   | 3 4 5 |  5.8
Stealth        | 1 |  1.9
Fighting       | |  3.5
Dodging        | |  0.5

Action                   |  1- 3 |  4- 6 |  7- 9 || total
-------------------------+-------+-------+-------++-------
Melee: Short sword       |    10 |       |       ||    10
 Cast: Scorch            |    27 |    36 |    12 ||    75
       Magic Dart        |    11 |    62 |    10 ||    83
       Wereblood         |       |     1 |     2 ||     3
       Gell's Gravitas   |       |       |    11 ||    11
  Use: Potion            |       |     4 |     2 ||     6
Armor: Robe              |     4 |     3 |     2 ||     9
Dodge: Dodged            |     8 |    11 |    10 ||    29

Table legend: (Time is in decaauts)
 A = Elapsed time spent in this place.
 B = Non-inter-level travel time spent in this place.
 C = Inter-level travel time spent in this place.
 D = Time resting spent in this place.
 E = Time spent auto-exploring this place.
 F = Levels seen in this place.
 G = Mean time per level.
                   A        B        C        D        E       F      G
               +--------+--------+--------+--------+--------+-----+--------+
         Total |   7207 |   6871 |    336 |   2740 |   3664 |   6 | 1201.2 |
       Dungeon |   7207 |   6871 |    336 |   2740 |   3664 |   6 | 1201.2 |
               +--------+--------+--------+--------+--------+-----+--------+

Top non-repeatable levels by time:
     D:3: 1739 daAuts
     D:2: 1596 daAuts
     D:4: 1496 daAuts
     D:5: 1342 daAuts
     D:1: 989 daAuts
     D:6: 43 daAuts
